AoeStats
← snake

Four Lakes

510247130Analyzed
1v1 RM · 15h ago on Sep 30, 2026· 32m 9s· 2 players
Game mode
Random Map
Map size
Tiny (2 player)
Population
200
Speed
Normal
Resources
Standard
Victory
Conquest
Starting age
Dark Age
Ending age
Imperial Age
RankedLock teamsTeams togetherTeam positionsShared explorationLock speedFull tech treeHidden civsTurbo modeCheats
Victory
Defeat
🇺🇸 Romans · United States
990
+14
🇺🇸 Danes · United States
945
-14
Murd3rfce
4:30 Loom
11:49 Feudal Age
12:20 Man-at-Arms
13:01 Double-Bit Axe
28:38 Castle Age
30:53 Castle Age
32:16 Bloodlines
snake
10:16 Feudal Age
13:05 Scale Mail Armor
12:35 Man-at-Arms
21:45 Castle Age
22:32 Forging
21:51 Long Swordsman
22:33 Squires
23:52 Chain Mail Armor
29:36 Husbandry
30:16 Double-Bit Axe
Connection lost

Rejoining the realm…

Still unreachable

The connection could not be restored.

Session expired

The server has moved on; the page needs a fresh start.